 Dungeon Crawl Stone Soup version 0.18-a0-1628-g61c6396 (webtiles) character file.

98 Geeful the Insei (level 4, -6/28 HPs)
             Began as an Octopode Transmuter on Mar 25, 2016.
             Mangled by slender's ghost (7 damage)
             ... on level 3 of the Dungeon.
             The game lasted 00:09:22 (3488 turns).

Geeful the Insei (Octopode Transmuter)              Turns: 3488, Time: 00:09:23

Health: -6/28      AC:  1    Str:  8 (9)  XL:     4   Next: 71%
Magic:  4/8        EV:  7    Int: 18      God:
Gold:   119        SH:  0    Dex: 12 (13) Spells: 3 memorised, 2 levels left

rFire  . . .     SeeInvis .       - Unarmed
rCold  . . .     Gourm    .     (no shield)
rNeg   . . .     Faith    .     (helmet restricted)
rPois  .         Spirit   .     (no amulet)
rElec  .         Dismiss  .     g - +3 ring of intelligence
rCorr  .         Reflect  .     (no ring)
SustAt .         Harm     .     (no ring)
MR     .....                    (no ring)
Stlth  ++........               (no ring)
                                (no ring)
                                (no ring)
                                (no ring)

@: very slightly contaminated, not resistant to hostile enchantments, unstealthy
A: almost no armour, amphibious, 8 rings, constrict 8, camouflage 1, gelatinous
body 1
a: no special abilities


You were on level 3 of the Dungeon.
You were not hungry.

You visited 1 branch of the dungeon, and saw 3 of its levels.

You collected 119 gold pieces.

Inventory:

Missiles
 a - 62 arrows
Jewellery
 g - a +3 ring of intelligence (left tentacle)
Scrolls
 e - 2 scrolls of identify
 f - a scroll of remove curse
 h - a scroll of immolation
Potions
 d - a potion of brilliance
 i - 2 potions of flight
Books
 b - a book of Changes

   Spells                             Type                      Level
   a - Beastly Appendage              Transmutation                1
   b - Sticks to Snakes               Transmutation                2
   c - Spider Form                    Transmutation/Poison         3
   d - Ice Form                       Ice/Transmutation            4
   e - Blade Hands                    Transmutation                5


   Skills:
 + Level 1.6 Fighting
 + Level 2.6 Dodging
 * Level 3.8 Unarmed Combat
 + Level 2.6 Spellcasting
 + Level 2.6 Transmutations


You had 2 spell levels left.
You knew the following spells:

 Your Spells              Type           Power        Failure   Level  Hunger
a - Beastly Appendage     Trmt           ##....       8%          1    #......
b - Sticks to Snakes      Trmt           ##......     12%         2    ##.....
c - Spider Form           Trmt/Pois      #.........   30%         3    ###....


Dungeon Overview and Level Annotations

Branches:
Dungeon (3/15)

Altars:
Fedhas

Annotations:
D:3 slender's ghost, amateur DEFE


Innate Abilities, Weirdness & Mutations

You cannot wear most types of armour.
You are amphibious.
You can wear up to eight rings at the same time.
You can use your tentacles to constrict eight enemies at once.
Your skin changes colour to match your surroundings (Stealth).
Your rubbery body absorbs attacks (AC +1).


Message History

You closely miss slender's ghost.
Slender's ghost is lightly damaged.
Slender's ghost hits you but does no damage.
You closely miss slender's ghost.
Slender's ghost is lightly damaged.
You hit slender's ghost.
Slender's ghost is moderately damaged.
Slender's ghost whispers, "They're coming for you..."
Slender's ghost casts a spell at you. The flame tongue hits you!
Ouch! That really hurt!
* * * LOW HITPOINT WARNING * * *
You barely miss slender's ghost.
Slender's ghost is moderately damaged.
Your transformation has ended.
Slender's ghost hits you.
* * * LOW HITPOINT WARNING * * *
There is a stone staircase leading up, spattered with blood here.
Slender's ghost hits you!
You die...

### ... # #..
####.####
.##...#.W.....#
.......@##.##.#
###...### # #..
... ###


You could see slender's ghost.

Vanquished Creatures
  2 adders (D:2)
  5 oozes
  A giant gecko (D:1)
  3 bats
  5 giant cockroaches
  6 goblins
  10 hobgoblins
  4 jackals
  6 giant newts
  8 kobolds
  10 rats
60 creatures vanquished.

Notes
Turn   | Place    | Note
--------------------------------------------------------------
     0 | D:1      | Geeful the Octopode Transmuter began the quest for the Orb.
     0 | D:1      | Reached XP level 1. HP: 13/13 MP: 3/3
     4 | D:1      | Found a runed door.
   612 | D:1      | Reached XP level 2. HP: 11/18 MP: 3/5
  1567 | D:1      | Reached XP level 3. HP: 17/23 MP: 6/6
  2031 | D:2      | Reached XP level 4. HP: 4/28 MP: 7/7
  2370 | D:2      | Found a blossoming altar of Fedhas.
  2718 | D:2      | Learned a level 2 spell: Sticks to Snakes
  2722 | D:2      | Learned a level 3 spell: Spider Form
  3378 | D:3      | Noticed slender's ghost (amateur DEFE)
  3486 | D:3      | HP: 1/28 [slender's ghost (6)]
  3488 | D:3      | Mangled by slender's ghost

Vault maps used:
D:1:      dpeg_arrival_caged_fury
D:2:      fedhas_altar_1
D:3:      nicolae_gozag_cash_rules_everything_around_me

Action                   |  1- 3 |  4- 6 || total
-------------------------+-------+-------++-------
Melee: Unarmed           |   105 |    76 ||   181
 Cast: Beastly Appendage |    16 |     6 ||    22
       Spider Form       |       |     1 ||     1
       Sticks to Snakes  |       |     1 ||     1
  Use: Potion            |     6 |       ||     6
       Scroll            |     5 |     1 ||     6
 Stab: Sleeping          |     4 |     5 ||     9
  Eat: Chunk             |     3 |     1 ||     4
       Bread ration      |       |     1 ||     1
